 Dungeon Crawl Stone Soup version 0.26.0-16-gc1dbca0489 (webtiles) character file.

Game seed: 12248271395771851137

1003 lastplaneout the Destroyer (level 8, -2/57 HPs)
             Began as a Grey Draconian Conjurer on Jan 19, 2021.
             Was an Elder of Zin.
             Killed by divine providence
             ... invoked by an orc priest
              (9 damage)
             ... on level 6 of the Dungeon.
             The game lasted 00:18:08 (7139 turns).

lastplaneout the Destroyer (DrCj)                   Turns: 7139, Time: 00:18:09

Health: -2/57      AC: 11    Str: 10    XL:     8   Next: 0%
Magic:  0/20       EV: 11    Int: 21    God:    Zin [****..]
Gold:   291        SH:  4    Dex:  9    Spells: 1/11 levels left

rFire    . . .     SeeInvis .   l - +1 short sword (speed)
rCold    . . .     Faith    .   i - +2 buckler
rNeg     . . .     Spirit   +   (armour unavailable)
rPois    .         Reflect  .   (helmet restricted)
rElec    .         Harm     .   (no cloak)
rCorr    .         Rampage  .   (no gloves)
Will     .....                  (no boots)
Stlth    ++........             k - amulet of guardian spirit
HPRegen  0.19/turn              h - +4 ring of slaying
MPRegen  0.17/turn              j - ring of magical power

@: no status effects
A: walk through water, unfitting armour, unbreathing, cold-blooded, AC +11
a: Renounce Religion, Recite, Vitalisation, Imprison, Donate Gold


You were on level 6 of the Dungeon.
You worshipped Zin.
Zin was greatly pleased with you.
You visited 1 branch of the dungeon, and saw 6 of its levels.

You collected 323 gold pieces.
You donated 32 gold pieces to Zin.

Inventory:

Hand Weapons
 l - a +1 short sword of speed (weapon)
Armour
 i - a +2 buckler (worn)
Jewellery
 h - a +4 ring of slaying (left hand)
 j - a ring of magical power (right hand)
 k - an amulet of guardian spirit (around neck)
 o - a cursed ring of attention {unknown}
Wands
 m - a wand of iceblast (5)
Scrolls
 a - 3 scrolls of teleportation
 c - 5 scrolls of magic mapping
 f - 5 scrolls of identify
 g - 2 scrolls of remove curse
 n - a scroll of blinking
 q - a scroll of random uselessness {unknown}
Potions
 b - 2 potions of brilliance
 d - a potion of resistance
 e - a potion of magic
 p - a potion of curing


   Skills:
 + Level 1.2 Short Blades
 - Level 1.7 Dodging
 - Level 1.7 Stealth
 - Level 2.0 Spellcasting
 + Level 10.0 Conjurations


You had one spell level left.
You knew the following spells:

 Your Spells              Type           Power        Failure   Level
a - Magic Dart            Conj           100%         1%          1
b - Searing Ray           Conj           88%          1%          2
c - Dazzling Flash        Conj/Hex       46%          10%         3
d - Fulminant Prism       Conj/Hex       11%          30%         4

Your spell library contained the following spells:

 Spells                   Type           Power        Failure   Level
 Animate Skeleton         Necr           4%           24%         1
 Pain                     Necr           8%           24%         1
 Sandblast                Erth           4%           24%         1
 Conjure Flame            Conj/Fire      23%          10%         3
 Mephitic Cloud           Conj/Pois/Air  16%          19%         3
 Iskenderun's Mystic Bla  Conj/Tloc      23%          30%         4
 Poisonous Vapours        Pois/Air       4%           36%         2
 Vampiric Draining        Necr           1%           58%         3
 Animate Dead             Necr           1%           94%         4
 Agony                    Necr           2%           100%        5
 Freezing Cloud           Conj/Ice/Air   8%           100%        6


Dungeon Overview and Level Annotations

Branches:
Dungeon (6/15)             Temple (0/1) D:4

Altars:
Ashenzari
Dithmenos
Hepliaklqana
Kikubaaqudgha
Okawaru
Qazlal
Ru
Sif Muna
Yredelemnul
Zin
The Shining One


Innate Abilities, Weirdness & Mutations

You can walk through water.
Your dull iron-grey scales are very hard. (AC +11)
You cannot fit into any form of body armour.
You can survive without breathing.
You are cold-blooded and may be slowed by cold attacks.


Message History

The orc warrior hits you with a +0 short sword.
* * * LOW HITPOINT WARNING * * *
You barely miss the orc warrior.
You tail-slap the orc warrior, but do no damage.
The orc warrior is almost dead.
The orc priest hits you but does no damage.
You hit the orc warrior but do no damage.
The orc warrior is almost dead.
The orc warrior hits you with a +0 short sword!
* * * LOW HITPOINT WARNING * * *
Casting: Searing Ray (safe; 1% risk of failure)
Confirm with . or Enter, or press ? or * to list all spells.
Aiming: Magic Dart (safe; 1% risk of failure)
Press: ? - help, Shift-Dir - straight line, f/p - orc warrior
Aim: an orc warrior, wielding a +0 short sword and wearing a +0 plate armour (almost dead, 0% to evade)
The magic dart hits the orc warrior.
The orc warrior is almost dead.
The orc priest calls down the wrath of Beogh upon you.
Beogh smites you!
You die...

#.#..)#.....#..#
........_.....#
...#.....#..# #
#.##...##.# #.
#.........#
####).###.....###
.........###..#
####..##.# #.###
#. #.# #.o@# ##.
#.# ###o# ... #.#
#.# #
#.##.#####....
#.............
#####...####....
.............#.##
####.....#####.#
#.............


You could see an orc warrior and an orc priest.

Vanquished Creatures
  An ogre (D:5)
  2 centaurs (D:5)
  A vampire bat (D:4)
  3 hounds
  3 orc priests
  7 orc wizards
  6 worker ants
  4 gnolls (D:5)
  2 adders (D:2)
  3 oozes
  An adder skeleton (D:5)
  A worm (D:4)
  3 dart slugs
  2 leopard geckos
  23 orcs
  3 bat skeletons (D:4)
  2 bat zombies (D:4)
  5 giant cockroaches
  2 gnoll zombies (D:2)
  7 goblins
  9 hobgoblins
  8 kobolds
  2 quokkas
  4 ball pythons
  5 bats
  4 frilled lizards
  8 rats
121 creatures vanquished.

Notes
Turn   | Place    | Note
-------+----------+-------------------------------------------
     0 | D:1      | lastplaneout the Draconian Conjurer began the quest for the
                  | Orb.
     0 | D:1      | Reached XP level 1. HP: 14/14 MP: 3/3
   229 | D:1      | Reached XP level 2. HP: 17/20 MP: 1/5
   281 | D:1      | Learned a level 2 spell: Searing Ray
  1016 | D:2      | Reached skill level 5 in Conjurations
  1052 | D:2      | Reached XP level 3. HP: 26/26 MP: 3/6
  1498 | D:2      | Learned a level 3 spell: Dazzling Flash
  1640 | D:2      | Found a stormy altar of Qazlal.
  1651 | D:2      | Reached XP level 4. HP: 33/33 MP: 4/7
  2150 | D:2      | Found a basalt altar of Yredelemnul.
  2511 | D:3      | Found a glowing silver altar of Zin.
  2518 | D:3      | Found a glowing golden altar of the Shining One.
  2533 | D:3      | Reached skill level 6 in Conjurations
  2738 | D:3      | Reached XP level 5. HP: 4/38 MP: 0/8
  3380 | D:3      | Found a faded altar of an unknown god.
  3400 | D:3      | Became a worshipper of Zin the Law-Giver
  3400 | D:3      | Reached * piety under Zin
  3400 | D:3      | Reached ** piety under Zin
  3494 | D:3      | Found a glowing golden altar of the Shining One.
  3710 | D:4      | Reached skill level 7 in Conjurations
  3826 | D:4      | Reached *** piety under Zin
  4089 | D:4      | Reached XP level 6. HP: 27/45 MP: 2/9
  4175 | D:4      | Found a staircase to the Ecumenical Temple.
  4649 | D:4      | Found an ancient bone altar of Kikubaaqudgha.
  4806 | D:4      | Reached skill level 8 in Conjurations
  5085 | D:4      | Found a shadowy altar of Dithmenos.
  5315 | D:5      | Entered Level 5 of the Dungeon
  5540 | D:5      | Your scales start taking on a dull iron-grey colour.
  5540 | D:5      | Reached XP level 7. HP: 7/50 MP: 10/10
  5540 | D:5      | Gained mutation: You can survive without breathing. [Grey
                  | Draconian growth]
  5555 | D:5      | HP: 2/50 [poisoned by a worker ant]
  5563 | D:5      | HP: 2/50 [poisoned by a worker ant]
  5890 | D:5      | Learned a level 4 spell: Fulminant Prism
  6097 | D:5      | Found a shimmering blue altar of Sif Muna.
  6119 | D:5      | Reached skill level 9 in Conjurations
  6222 | D:5      | Identified Sif Muna's Incunabulum of the Mountains
  6345 | D:5      | Found a hazy altar of Hepliaklqana.
  6390 | D:5      | Found a sacrificial altar of Ru.
  6767 | D:5      | Found a broken altar of Ashenzari.
  6866 | D:5      | Reached skill level 1 in Short Blades
  6887 | D:5      | Reached skill level 10 in Conjurations
  6887 | D:5      | Reached XP level 8. HP: 57/57 MP: 11/11
  6955 | D:5      | Reached **** piety under Zin
  7097 | D:6      | Found an iron altar of Okawaru.
  7139 | D:6      | Killed from afar by an orc priest

Illustrated notes

Levels and vault maps discovered:
D:1:      dpeg_arrival_shrine, layout_rooms, grunt_decor_mini_mirrors
D:2:      layout_loops_corners, lemuel_zombie_altar_yredelemnul,
          overflow_temple_1_default
D:3:      layout_loops_ring, grunt_temple_overflow_open,
          chequers_ecumenical_altar_simple, tso_altar
D:4:      layout_rooms, lemuel_crystal_altar, kennysheep_vampire_church,
          minmay_temple_entry_glass, eino_tiny_chamber
D:5:      layout_cave_pods, lemuel_crystal_altar, old_standard_altar,
          kennysheep_little_box, led_sif_book
D:6:      layout_loops_ring, okawaru_gym_becter, minmay_crystal_water

Skill      XL: |  1  2  3  4  5  6  7 |
---------------+----------------------+-----
Conjurations   | 5 6 7 8 10 | 10.0
Short Blades   | 1 |  1.2
Dodging        | |  1.7
Stealth        | |  1.7
Spellcasting   | |  2.0

Action                   |  1- 3 |  4- 6 |  7- 9 || total
-------------------------+-------+-------+-------++-------
Melee: Unarmed           |    32 |    45 |       ||    77
       Tailslap          |     1 |    11 |     6 ||    18
       Short sword       |       |     8 |    45 ||    53
 Cast: Magic Dart        |    68 |   158 |    55 ||   281
       Searing Ray       |       |     1 |     1 ||     2
  Use: Scroll            |       |     7 |     4 ||    11
       Potion            |       |     2 |       ||     2
Armor: Skin              |    16 |    27 |    21 ||    64
Dodge: Dodged            |    24 |    68 |    25 ||   117
Block: Buckler           |       |       |     6 ||     6
